 Dungeon Crawl Stone Soup version 0.28-a0-1435-g82390b3a13 (webtiles) character file.

Game seed: 14161965446959018986

1138 porpoise the Skirmisher (level 8, -4/65 HPs)
             Began as a Demonspawn Gladiator on Jan 10, 2022.
             Was a Follower of Nemelex Xobeh.
             Slain by an orc warrior (20 damage)
             ... on level 5 of the Dungeon.
             The game lasted 00:18:45 (6681 turns).

porpoise the Skirmisher (Demonspawn Gladiator)      Turns: 6681, Time: 00:18:46

Health: -4/65      AC:  9    Str: 17    XL:     8   Next: 14%
Magic:  10/10      EV: 12    Int: 11    God:    Nemelex Xobeh [*.....]
Gold:   177        SH:  0    Dex: 15    Spells: 7/7 levels left

rFire   . . .      SeeInvis .   a - +0 trident
rCold   . . .      Faith    .   (no shield)
rNeg    . . .      Spirit   .   r - +3 leather armour
rPois   +          Reflect  .   c - +0 helmet
rElec   .          Harm     .   u - +1 cloak
rCorr   .          Rampage  .   (no gloves)
Will    .....                   (no boots)
Stlth   +.........              (no amulet)
HPRegen 0.20/turn               G - ring of poison resistance
MPRegen 0.12/turn               m - ring of flight

@: attractive, flying
A: ignite blood 2, powered by death 1, big brain 1, demonic touch 1
a: Renounce Religion, Draw Escape, Draw Destruction, Draw Summoning


You were on level 5 of the Dungeon.
You worshipped Nemelex Xobeh.
Nemelex Xobeh was aware of your devotion.
You visited 2 branches of the dungeon, and saw 6 of its levels.
You also visited: Sewer.

You collected 177 gold pieces.

Inventory:

Hand Weapons
 a - a +0 trident (weapon)
 b - a +1 hunting sling
 w - a +2 dagger of speed
Missiles
 d - 3 throwing nets
 i - 13 poisoned darts
 j - 4 curare-tipped darts (quivered)
 n - 9 sling bullets
 o - 89 stones
 p - 27 arrows
 B - 16 bolts
Armour
 c - a +0 helmet (worn)
 k - a +1 leather armour of fire resistance
 r - a +3 leather armour (worn)
 u - a +1 cloak (worn)
Magical Staves
 v - a staff of air
 F - a staff of fire
Jewellery
 m - a ring of flight (right hand)
 G - a ring of poison resistance (left hand)
Wands
 s - a wand of iceblast (4)
Scrolls
 l - a scroll of enchant armour
 t - 4 scrolls of fear
 y - 2 scrolls of enchant weapon
 C - a scroll of magic mapping {unknown}
Potions
 e - a potion of degeneration
 f - a potion of might {unknown}
 g - 2 potions of curing
 h - a potion of haste {unknown}
 q - a potion of lignification {unknown}
 x - 2 potions of attraction
 z - a potion of heal wounds {unknown}
 A - a potion of mutation {unknown}
 D - a potion of cancellation {unknown}
 E - a potion of flight


   Skills:
 * Level 6.9 Fighting
 - Level 6.0 Polearms
 - Level 1.7 Throwing
 * Level 2.2 Armour
 - Level 2.6 Dodging
 + Level 3.0 Invocations


You had 7 spell levels left.
You didn't know any spells.
Your spell library contained the following spells:

 Spells                   Type           Power      Damage    Failure   Level
 Animate Skeleton         Necr           0%         N/A       38%         1
 Pain                     Necr           0%         1d4       38%         1
 Blink                    Tloc           0%         N/A       54%         2
 Call Canine Familiar     Summ           0%         N/A       77%         3
 Lesser Beckoning         Tloc           0%         N/A       77%         3
 Portal Projectile        Hex/Tloc       0%         N/A       77%         3
 Vampiric Draining        Necr           0%         2d6       77%         3
 Leda's Liquefaction      Hex/Erth       0%         N/A       99%         4
 Manifold Assault         Tloc           0%         N/A       100%        5


Dungeon Overview and Level Annotations

Branches:
Dungeon (5/15)             Temple (1/1) D:4           Sewer (visited)

Altars:
Ashenzari
Cheibriados
Dithmenos
Elyvilon
Fedhas
Gozag
Hepliaklqana
Makhleb
Nemelex Xobeh
Okawaru
Qazlal
Ru
Sif Muna
Trog
Uskayaw
Vehumet
Wu Jian
Xom
Yredelemnul
Zin
The Shining One

Annotations:
D:4 2 transporters, HallandMoats's ghost, novice GrFi


Innate Abilities, Weirdness & Mutations

Your demonic aura often causes spilled blood to erupt in flames.
You regenerate a little health from kills.
You have an unusually large brain. (Int +2)
Your touch may inflict minor irresistible damage on your foes.


Message History

You reach to attack!
You hit the orc warrior but do no damage.
The orc warrior is lightly wounded.
The orc warrior hits you from afar with a +0 glaive!
You reach to attack!
You hit the orc warrior but do no damage.
The orc warrior is lightly wounded.
The orc warrior hits you from afar with a +0 glaive.
You puncture the orc!
You kill the orc!
The orc warrior barely misses you.
You reach to attack!
You hit the orc warrior.
The orc warrior is moderately wounded.
The orc warrior closely misses you.
You reach to attack!
You closely miss the orc warrior.
The orc warrior is lightly wounded.
The orc warrior hits you from afar with a +0 glaive!
You reach to attack!
You barely miss the orc warrior.
The orc warrior is lightly wounded.
The orc warrior hits you from afar with a +0 glaive.
The orc warrior barely misses you.
You reach to attack!
You closely miss the orc warrior.
The orc warrior is lightly wounded.
You reach to attack!
You closely miss the orc warrior.
The orc warrior is lightly wounded.
The orc warrior closely misses you.
You reach to attack!
You closely miss the orc warrior.
The orc warrior is lightly wounded.
The orc warrior barely misses you.
It was a potion of flight.
You feel more buoyant.
The orc warrior hits you from afar with a +0 glaive!
It was a potion of attraction.
You feel attractive to monsters.
The orc warrior hits you from afar with a +0 glaive!
* * * LOW HITPOINT WARNING * * *
The orc warrior is attracted toward you.
The orc warrior hits you from afar with a +0 glaive!!
You die...
Your body disappears without a glow.

### ##########..
#.......##.# #
#.......##.# #.
#.......##.####.#####
#.......@§o.........#
#.......##.§#)#.#.#.#
#.......##..#.#.....#####
#.......##..#............
####.#####..........#####
#.# ##.#####.#.# #.#
#.#####.#.# # #.#
#.........# ## #.#
######'### #.


You could see an orc warrior.

Vanquished Creatures
  Sigmund (D:3)
  Edmund (D:5)
  Duvessa (D:4)
  A sky beast (D:5)
  A necrophage (D:4)
  A kobold brigand (Sewer)
  A scorpion (D:3)
  Dowan (D:4)
  A jelly (D:2)
  An orc priest (D:5)
  Terence (D:3)
  An orc wizard (D:5)
  An iguana (D:4)
  A hound zombie (D:5)
  A hound skeleton (D:5)
  Robin (D:3)
  9 adders
  3 river rats (Sewer)
  A white imp (D:5)
  An ufetubus (D:5)
  3 worms
  A dart slug (D:5)
  7 orcs
  7 endoplasms
  3 giant cockroaches
  17 goblins
  9 hobgoblins
  5 jackals
  8 quokkas
  6 ball pythons
  5 frilled lizards
  4 kobolds
  9 rats
114 creatures vanquished.

Vanquished Creatures (others)
  14 plants
14 creatures vanquished.

Grand Total: 128 creatures vanquished

Notes
Turn   | Place    | Note
-------+----------+-------------------------------------------
     0 | D:1      | porpoise the Demonspawn Gladiator began the quest for the
                  | Orb.
     0 | D:1      | Reached XP level 1. HP: 16/16 MP: 1/1
   513 | D:1      | Found a faded altar of an unknown god.
   539 | D:1      | Gained mutation: Your demonic aura sometimes causes spilled
                  | blood to erupt in flames. [demonic ancestry]
   539 | D:1      | Reached XP level 2. HP: 23/23 MP: 2/2
   769 | D:2      | Gained mutation: You have an unusually large brain. (Int
                  | +2) [demonic ancestry]
   769 | D:2      | Reached XP level 3. HP: 8/29 MP: 3/3
  1436 | D:2      | Reached XP level 4. HP: 35/35 MP: 4/4
  1753 | D:3      | Noticed Sigmund
  1844 | D:3      | Noticed Robin
  1853 | D:3      | Killed Robin
  2113 | D:3      | Killed Sigmund
  2114 | D:3      | Gained mutation: Your demonic aura often causes spilled
                  | blood to erupt in flames. [demonic ancestry]
  2114 | D:3      | Reached XP level 5. HP: 25/43 MP: 5/5
  2383 | D:3      | Gained mutation: You regenerate a little health from kills.
                  | [demonic ancestry]
  2383 | D:3      | Reached XP level 6. HP: 47/50 MP: 6/6
  2482 | D:3      | Noticed Terence
  2735 | D:3      | Killed Terence
  2736 | D:3      | Reached skill level 5 in Fighting
  2736 | D:3      | Reached skill level 5 in Polearms
  3131 | D:4      | Noticed Duvessa
  3131 | D:4      | Noticed Dowan
  3160 | D:4      | Killed Duvessa
  3167 | D:4      | Killed Dowan
  3390 | D:4      | Found a transporter.
  3392 | D:4      | Found a transporter.
  3392 | D:4      | Noticed HallandMoats's ghost (novice GrFi)
  3545 | D:4      | Gained mutation: Your touch may inflict minor irresistible
                  | damage on your foes. [demonic ancestry]
  3545 | D:4      | Reached XP level 7. HP: 56/56 MP: 7/7
  4104 | D:4      | Found a staircase to the Ecumenical Temple.
  4111 | Temple   | Entered the Ecumenical Temple
  4186 | Temple   | Became a worshipper of Nemelex Xobeh the Trickster
  4722 | D:5      | Entered Level 5 of the Dungeon
  4814 | D:5      | Found a glowing drain.
  4826 | Sewer    | Entered a sewer
  5400 | Sewer    | Reached skill level 1 in Invocations
  6055 | D:5      | Noticed Edmund
  6065 | D:5      | Killed Edmund
  6066 | D:5      | Reached skill level 1 in Armour
  6086 | D:5      | Reached * piety under Nemelex Xobeh
  6282 | D:5      | Reached XP level 8. HP: 65/65 MP: 9/9
  6681 | D:5      | Slain by an orc warrior

Illustrated notes

Levels and vault maps discovered:
D:1:      sevenhm_arrival_forest_fort_large_4, layout_loops_ring,
          hellmonk_ecumenical_altar_lost_god, dk_noncrumbling_4
D:2:      layout_loops_ring, kennysheep_generic_room_7
D:3:      layout_loops_cross, chequers_big_river, uniq_terence, uniq_robin,
          uniq_sigmund
D:4:      layout_basic, minmay_temple_entry_metal_lava, gammafunk_ghost_arena,
          minmay_distorted, uniq_duvessa
D:5:      layout_loops_corners, gup_sewer_entry_bubbles, uniq_edmund
Temple:   grunt_wide_crystal_templ

Skill      XL: |  1  2  3  4  5  6  7  8 |
---------------+-------------------------+-----
Polearms       | 3 4 5 6 |  6.0
Fighting       | 3 4 5 6 |  6.9
Invocations    | 2 3 |  3.0
Armour         | 1 2 |  2.2
Throwing       | |  1.7
Dodging        | |  2.6

Action                   |  1- 3 |  4- 6 |  7- 9 || total
-------------------------+-------+-------+-------++-------
Melee: Trident           |    53 |   103 |   212 ||   368
       Punch             |       |     2 |     2 ||     4
       Touch             |       |       |    36 ||    36
 Fire: Hunting sling     |    26 |    31 |    31 ||    88
Throw: Dart              |       |       |     2 ||     2
  Use: Scroll            |       |     6 |     5 ||    11
       Potion            |       |     3 |     2 ||     5
 Stab: Sleeping          |     3 |       |     1 ||     4
Armor: Leather armour    |    12 |    11 |    48 ||    71
Dodge: Dodged            |    19 |    56 |    67 ||   142

Table legend: (Time is in decaauts)
 A = Elapsed time spent in this place.
 B = Non-inter-level travel time spent in this place.
 C = Inter-level travel time spent in this place.
 D = Time resting spent in this place.
 E = Time spent auto-exploring this place.
 F = Levels seen in this place.
 G = Mean time per level.
                   A        B        C        D        E       F      G
               +--------+--------+--------+--------+--------+-----+--------+
         Total |   6868 |   6724 |    144 |   1816 |   3208 |   7 |  981.1 |
       Dungeon |   5775 |   5639 |    136 |   1530 |   2977 |   5 | 1155.0 |
        Temple |     83 |     75 |      8 |      0 |     37 |   1 |   83.0 |
         Sewer |   1009 |   1009 |      0 |    286 |    194 |   1 | 1009.0 |
               +--------+--------+--------+--------+--------+-----+--------+

Top non-repeatable levels by time:
     D:4: 1798 daAuts
     D:3: 1304 daAuts
     D:2: 1081 daAuts
   Sewer: 1009 daAuts
     D:5: 861 daAuts
     D:1: 728 daAuts
  Temple: 83 daAuts
